Map: Acropolis LE

Players

Elazer

  • Race: Zerg Zerg
  • Spawn Location: 5:00

HeRoMaRinE - Winner!

  • Race: Terran Terran
  • Spawn Location: 11:00

Event: 2019 WCS Summer

VOD

Have the link to the VOD?

Description

Time

  • Played on: July 14, 2019, 6:39 a.m.
  • Length: 12:39

All games in this series

Show
View Real Time Build Order
Export as new Build Order

Elazer Zerg 

Build Orders: Hatch First, Swarm Host 

Get SALT Encoding   

  12  0:00  Drone  
  13  0:12  Overlord  
  13  0:16  Drone  
  14  0:30  Drone x2  
  16  0:46  Hatchery  
  15  0:50  Drone  
  15  0:54  Drone  
  15  0:57  Drone  
  18  1:08  Extractor  
  17  1:12  Spawning Pool  
  17  1:15  Drone  
  17  1:18  Drone  
  18  1:27  Drone  
  19  1:39  Drone  
  20  1:49  Drone  
  21  1:58  Queen  
  21  1:59  Zergling x4, Queen  
  27  2:12  Hatchery  
  26  2:17  Overlord  
  26  2:21  Drone  
  26  2:22  Drone  
  28  2:35  Metabolic Boost  
  28  2:38  Drone x3  
  31  2:44  Queen  
  31  2:49  Overlord  
  31  2:51  Drone  
  34  2:54  Drone  
  34  2:56  Drone  
  36  3:08  Drone x2  
  36  3:09  Drone x3  
  41  3:13  Drone  
  41  3:19  Overlord  
  42  3:20  Queen  
  42  3:24  Queen  
  46  3:28  Drone x2  
  46  3:31  Drone  
  49  3:37  Overlord  
  49  3:39  Zergling x6  
  52  3:42  Zergling x4  
  52  3:45  Drone  
  52  3:46  Drone  
  56  3:51  Drone  
  56  3:53  Drone  
  58  3:57  Drone x3  
  58  3:58  Queen  
  58  4:01  Drone  
  64  4:04  Overlord  
  64  4:09  Drone, Baneling Nest  
  64  4:10  Drone  
  64  4:11  Drone  
  66  4:21  Overlord  
  66  4:23  Drone x7  
  73  4:25  Spore Crawler  
  73  4:29  Drone x2  
  73  4:31  Overlord  
  73  4:37  Lair  
  73  4:39  Queen, Spore Crawler  
  73  4:40  Extractor  
  73  4:43  Drone, Extractor, Spore Crawler  
  73  4:44  Drone  
  73  4:46  Drone x2  
  73  4:49  Drone x2  
  73  4:50  Drone x2  
  79  4:53  Overlord  
  79  4:54  Baneling x2  
  79  4:56  Baneling  
  79  5:00  Zergling x10  
  84  5:08  Overlord  
  84  5:10  Drone x5, Extractor  
  87  5:16  Queen  
  87  5:17  Overlord  
  87  5:18  Drone x3  
  92  5:27  Baneling x2, Zergling x6  
  95  5:30  Queen  
  95  5:46  Overlord  
  95  5:47  Drone x11  
  95  5:49  Extractor  
  99  5:51  Zergling x2  
  99  5:52  Overseer  
  99  5:53  Queen x2  
  99  5:54  Centrifical Hooks  
  100  5:58  Drone x4  
  100  6:00  Extractor  
  100  6:02  Zergling x2  
  100  6:03  Evolution Chamber  
  103  6:05  Evolution Chamber  
  103  6:07  Spore Crawler  
  103  6:09  Baneling, Zergling x4  
  103  6:10  Baneling x2  
  103  6:12  Drone  
  103  6:13  Spore Crawler  
  107  6:18  Drone x2  
  107  6:28  Drone x5  
  107  6:29  Hatchery  
  111  6:36  Zergling x4  
  111  6:37  Roach Warren  
  112  6:40  Zergling x2  
  112  6:43  Zerg Missile Weapons Level 1, Zerg Ground Armor Level 1  
  112  6:46  Roach Warren  
  112  6:51  Overlord  
  110  6:55  Drone x5  
  113  7:12  Overlord  
  113  7:16  Drone x4  
  113  7:20  Overlord  
  117  7:25  Infestation Pit, Glial Reconstitution  
  117  7:26  Roach x6  
  117  7:27  Extractor x2  
  117  7:29  Hatchery  
  126  7:32  Overlord  
  126  7:33  Overlord  
  126  7:38  Spore Crawler  
  126  7:41  Queen x3  
  129  7:45  Roach x4  
  129  7:49  Spore Crawler  
  136  7:54  Drone x2, Spine Crawler  
  136  7:55  Drone x2, Spine Crawler x2  
  136  7:56  Spore Crawler  
  136  7:57  Spine Crawler  
  135  8:01  Neural Parasite  
  135  8:02  Infestor x5  
  145  8:10  Drone  
  146  8:16  Roach x2  
  146  8:17  Zergling x12, Burrow  
  156  8:20  Hatchery  
  156  8:25  Ravager x3  
  156  8:26  Zergling x12  
  164  8:34  Baneling x4  
  164  8:35  Overlord  
  164  8:39  Overlord x3  
  164  8:40  Overlord x2  
  164  8:42  Zerg Missile Weapons Level 2  
  164  8:43  Zerg Melee Weapons Level 1  
  162  8:57  Ravager x3  
  160  9:09  Swarm Host x12  
  196  9:17  Nydus Network  
  196  9:22  Infestor x5  
  192  9:25  Infestor x4  
  192  9:26  Drone x2  
  192  9:27  Drone x4  
  197  9:33  Overlord  
  197  9:35  Ravager x2  
  199  9:38  Baneling x6  
  199  9:53  Nydus Canal  
  178  10:11  Infestor  
  178  10:12  Infestor x2  
  180  10:15  Roach x3  
  180  10:16  Infestor x2, Zergling x2  
  180  10:17  Infestor, Zergling x24  
  199  10:28  Hive  
  199  10:29  Pathogen Glands  
  199  10:41  Baneling x7  
  199  10:43  Baneling x2  
  198  10:55  Ravager x5  
  198  10:56  Ravager  
  199  10:59  Zergling x2  
  177  11:12  Zergling x30  
  177  11:14  Queen x4  
  184  11:29  Zergling x8  
  174  11:37  Baneling x7  
  162  11:40  Zergling x2  
  162  11:41  Zergling x8  
  162  11:46  Queen  
  155  11:48  Infestor x4  
  155  11:49  Queen x2  
  170  12:00  Zergling x8  
  158  12:06  Zergling x8  
  124  12:19  Roach x4  
Show
View Real Time Build Order
Export as new Build Order

HeRoMaRinE Terran - Winner!

Build Orders: Hellion Opening, Reaper Expand 

Get SALT Encoding   

  12  0:00  SCV  
  13  0:12  SCV  
  14  0:17  Supply Depot  
  14  0:24  SCV  
  15  0:38  SCV  
  15  0:40  Barracks  
  15  0:42  Refinery  
  16  0:50  SCV  
  17  1:03  SCV  
  18  1:15  SCV  
  19  1:26  Reaper  
  19  1:27  Orbital Command  
  20  1:38  Command Center  
  20  1:48  Supply Depot  
  20  1:52  SCV  
  21  1:58  Marine  
  22  2:05  SCV  
  22  2:08  Factory  
  23  2:10  Refinery  
  23  2:17  SCV  
  23  2:21  Barracks Reactor  
  24  2:29  SCV  
  25  2:41  SCV  
  26  2:51  Orbital Command  
  26  2:53  SCV  
  26  2:54  Starport  
  27  3:03  Hellion  
  27  3:04  Marine, Hellion  
  27  3:05  SCV  
  33  3:17  SCV  
  33  3:18  SCV  
  35  3:25  Marine, Hellion x2  
  35  3:26  Supply Depot  
  40  3:29  SCV  
  40  3:30  SCV  
  40  3:32  Starport Tech Lab, Fusion Core  
  42  3:41  SCV  
  42  3:42  SCV  
  42  3:46  Hellion  
  42  3:48  Hellion  
  48  3:51  Supply Depot  
  48  3:53  SCV  
  48  3:54  SCV  
  50  4:01  Supply Depot  
  50  4:06  SCV x2  
  52  4:18  SCV x2  
  52  4:19  Battlecruiser  
  60  4:28  Command Center  
  60  4:31  SCV x2  
  62  4:35  Supply Depot  
  62  4:36  Hellion  
  64  4:39  Hellion  
  64  4:44  Weapon Refit  
  66  4:47  SCV x2  
  66  4:51  Refinery  
  68  4:53  Refinery  
  68  4:59  SCV x2  
  72  5:00  Hellion x2  
  72  5:03  Supply Depot  
  74  5:11  SCV x2  
  76  5:20  Factory  
  78  5:21  Hellion  
  78  5:25  Hellion, SCV x2, Factory  
  78  5:26  Supply Depot  
  82  5:37  SCV x2  
  84  5:43  Hellion  
  84  5:46  Hellion  
  86  5:51  SCV x2  
  86  5:53  Battlecruiser  
  94  6:03  SCV x2  
  96  6:04  Armory  
  96  6:08  Armory  
  96  6:10  Refinery  
  96  6:15  SCV  
  96  6:16  Orbital Command, SCV  
  98  6:19  Refinery  
  98  6:27  SCV  
  98  6:28  Factory Tech Lab, SCV, Hellion x2  
  98  6:29  Factory Tech Lab  
  99  6:40  SCV x2  
  99  6:41  Engineering Bay, Supply Depot  
  99  6:43  SCV  
  101  6:48  Cyclone  
  101  6:49  Cyclone  
  101  6:50  Mag-Field Accelerator  
  101  6:52  SCV x2  
  109  6:55  SCV  
  109  6:58  Terran Vehicle And Ship Armor Level 1, Terran Vehicle Weapons Level 1  
  108  7:04  SCV x2  
  108  7:08  SCV  
  104  7:12  Battlecruiser  
  110  7:16  SCV x2  
  110  7:20  SCV, Hellion x3, Supply Depot x2  
  117  7:42  Cyclone x2  
  117  7:43  Factory  
  123  7:44  Command Center, Supply Depot  
  123  7:45  SCV x2, Factory, Supply Depot  
  123  7:49  Hellion x2  
  129  7:51  Infernal Pre-Igniter  
  129  7:54  Hellion  
  129  7:55  Hellion x6  
  129  8:02  Hellion  
  129  8:11  Supply Depot  
  129  8:14  Siege Tank x2, Hellion x2  
  129  8:19  Battlecruiser  
  145  8:25  Supply Depot x2  
  145  8:28  Factory Reactor, Factory Tech Lab  
  145  8:44  Hellion x2  
  145  8:46  Siege Tank x2  
  145  8:47  Siege Tank  
  158  8:53  Supply Depot  
  144  9:05  Hellion x2  
  144  9:06  Hellion x2  
  144  9:08  SCV x2  
  144  9:09  SCV  
  155  9:18  Siege Tank x2  
  155  9:19  Siege Tank  
  155  9:20  SCV  
  155  9:21  Refinery, SCV x2  
  167  9:25  Refinery  
  167  9:27  Hellion x2  
  167  9:31  Supply Depot  
  171  9:33  SCV x3  
  174  9:39  Planetary Fortress  
  174  9:41  Hellion x2  
  178  9:48  Hellion x2  
  188  9:53  Cyclone x3  
  171  10:14  Hellion x3  
  171  10:15  Hellion  
  171  10:18  Terran Vehicle Weapons Level 2, Orbital Command, Terran Vehicle And Ship Armor Level 2  
  173  10:21  Factory  
  173  10:23  Command Center  
  173  10:25  Cyclone x3  
  182  10:34  Factory x2  
  166  10:35  Hellion  
  166  10:37  Hellion x3  
  172  10:57  Cyclone x2, Hellion  
  174  10:58  Hellion x3  
  154  11:11  Hellion  
  154  11:18  Hellion  
  155  11:19  Hellion, Cyclone  
  155  11:20  Hellion  
  158  11:27  Factory Tech Lab, Hellbat  
  158  11:29  Cyclone x2  
  161  11:33  Hellion  
  161  11:37  Orbital Command  
  161  11:39  Hellion  
  165  11:45  Cyclone  
  150  11:51  Cyclone  
  141  12:01  Cyclone  
  141  12:02  Factory Tech Lab, Cyclone  
  141  12:04  Hellion x3  
  141  12:05  Hellion  
  141  12:07  SCV  
  141  12:08  SCV x4  
  153  12:20  SCV x4  
Tags
 
Add a new tag
Caveats
  • Supply blocks, unpowered buildings, or Contaminate may cause inaccurate times.
  • Supply counts are checked every 10 seconds.